 Dungeon Crawl Stone Soup version 0.29-a0-653-gd47aff6735 (webtiles) character file.

Game seed: 4723549371681468770

18799 pokeman the Eclecticist (level 12, -16/64 HPs)
             Began as a Deep Elf Hedge Wizard on June 20, 2022.
             Was a Priest of Vehumet.
             Killed from afar by a frost giant (57 damage)
             ... with a bolt of cold
             ... on level 11 of the Dungeon on June 21, 2022.
             The game lasted 00:47:49 (16405 turns).

pokeman the Eclecticist (Deep Elf Hedge Wizard)    Turns: 16405, Time: 00:47:49

Health: -16/64     AC: 14    Str:  7    XL:     12   Next: 30%
Magic:  11/35      EV: 15    Int: 25    God:    Vehumet [***...]
Gold:   752        SH:  7    Dex: 14    Spells: 33/45 levels left

rFire   + . .      SeeInvis .   z - +2 flail (drain)
rCold   x . .      Faith    .   Q - +2 buckler
rNeg    . . .      Spirit   .   h - +0 acid dragon scales
rPois   .          Reflect  .   x - +2 hat
rElec   .          Harm     .   (no cloak)
rCorr   +          Rampage  .   o - +1 pair of gloves
Will    +....                   n - +2 pair of boots
Stlth   ++........              r - amulet of the acrobat
HPRegen 0.20/turn               N - +4 ring of evasion
MPRegen 0.24/turn               s - ring of fire

@: no status effects
A: no striking features
a: Renounce Religion


You were on level 11 of the Dungeon.
You worshipped Vehumet.
Vehumet was most pleased with you.
You visited 2 branches of the dungeon, and saw 13 of its levels.

You collected 752 gold pieces.

Inventory:

Hand Weapons
 z - a +2 flail of draining (weapon)
 A - a +0 shortbow
 R - a +0 dagger of pain
 S - a +0 hand crossbow
 V - the +5 battleaxe of the Ship {flame, rC+ Dex+5}
   (You found it on level 11 of the Dungeon)

   It burns those it strikes, dealing additional fire damage.
   Big, fiery blades are also staple armaments of hydra-hunters.
   Dex:       It affects your dexterity (+5).
   rC:        It protects you from cold.
Missiles
 y - 8 curare-tipped darts
 C - 3 throwing nets
Armour
 h - +0 acid dragon scales (worn)
 n - a +2 pair of boots (worn)
 o - a +1 pair of gloves (worn)
 x - a +2 hat (worn)
 O - +0 steam dragon scales
 Q - a +2 buckler (worn)
Magical Staves
 T - a staff of poison
Jewellery
 r - an amulet of the acrobat (around neck)
 s - a ring of fire (right hand)
 N - a +4 ring of evasion (left hand)
Wands
 c - a wand of light (5)
 q - a wand of mindburst (6)
 E - a wand of iceblast (7)
 I - a wand of charming (6)
 P - a wand of polymorph (10)
Scrolls
 e - 3 scrolls of fear
 i - 2 scrolls of fog
 k - a scroll of enchant weapon
 m - a scroll of summoning
 p - 5 scrolls of magic mapping
 t - 5 scrolls of blinking
 u - 2 scrolls of amnesia
 w - 4 scrolls of teleportation
 D - 2 scrolls of silence {unknown}
 G - 3 scrolls of noise {unknown}
 H - 2 scrolls of immolation {unknown}
 J - a scroll of vulnerability {unknown}
 L - a scroll of enchant armour {unknown}
 U - a scroll of poison {unknown}
Potions
 a - a potion of flight
 b - a potion of ambrosia
 d - a potion of magic
 f - 2 potions of lignification
 g - 2 potions of heal wounds {unknown}
 j - 7 potions of curing
 l - 3 potions of might
 v - 3 potions of mutation
 B - 3 potions of attraction {unknown}
 F - a potion of haste {unknown}
 K - 2 potions of invisibility {unknown}
 M - a potion of resistance


   Skills:
 - Level 3.0 Fighting
 + Level 4.3 Armour
 - Level 3.0 Dodging
 - Level 3.0 Stealth
 - Level 5.0 Shields
 * Level 17.0 Spellcasting
 + Level 10.1 Conjurations
 - Level 1.1 Summonings
 - Level 1.1 Necromancy
 - Level 1.1 Translocations
 + Level 9.6 Fire Magic
 - Level 1.0 Air Magic
 - Level 1.0 Poison Magic
 - Level 1.0 Evocations


You had 33 spell levels left.
You knew the following spells:

 Your Spells              Type           Power      Damage    Failure   Level
a - Magic Dart            Conj           100%       1d8       1%          1
b - Mephitic Cloud        Conj/Pois/Air  41%        N/A       1%          3
c - Call Imp              Summ           26%        N/A       5%          2
d - Blink                 Tloc           52%        N/A       5%          2
e - Conjure Flame         Conj/Fire      82%        6-21      1%          3
f - Foxfire               Conj/Fire      100%       2x1d9     1%          1

Your spell library contained the following spells:

 Spells                   Type           Power      Damage    Failure   Level
 Dazzling Flash           Conj/Hex       92%        N/A       1%          3
 Beastly Appendage        Tmut           42%        N/A       5%          1
 Slow                     Hex            84%        N/A       5%          1
 Ensorcelled Hibernation  Hex/Ice        42%        N/A       9%          2
 Passwall                 Tmut/Erth      17%        N/A       9%          2
 Wereblood                Tmut           21%        N/A       9%          2
 Swiftness                Air            26%        N/A       11%         3
 Spider Form              Tmut/Pois      23%        N/A       13%         3
 Lee's Rapid Deconstruct  Erth           10%        3d9*      36%         5
 Leda's Liquefaction      Hex/Erth       10%        N/A       47%         4
 Statue Form              Tmut/Erth      14%        N/A       100%        6


Dungeon Overview and Level Annotations

Branches:
Dungeon (12/15)            Temple (1/1) D:6            Lair (0/6) D:8
    Orc (0/2) D:9

Altars:
Ashenzari
Cheibriados
Dithmenos
Elyvilon
Fedhas
Gozag
Hepliaklqana
Kikubaaqudgha
Makhleb
Nemelex Xobeh
Okawaru
Qazlal
Ru
Sif Muna
Trog
Uskayaw
Vehumet
Wu Jian
Xom
Zin
The Shining One

Shops:
D:7 ((*[   D:12 !

Annotations:
D:11 3 runed translucent doors, turdburglar's ghost, journeyman TrTm
D:12 Jorgrun


Message History

Casting: Conjure Flame (safe; 1% risk of failure)
Confirm with . or Enter, or press ? or * to list all spells.
You feel a surge of power!
The fire begins to smoulder!
The frost giant gestures at you while chanting.
You hear a sizzling sound!
The fire ignites!
Casting: Conjure Flame (safe; 1% risk of failure)
Confirm with . or Enter, or press ? or * to list all spells.
Aiming: Mephitic Cloud (safe; 1% risk of failure)
Press: ? - help, Shift-Dir - straight line, f - frost giant
Aim: a frost giant, wielding a +3 battleaxe of freezing (lightly wounded, chance to affect: 24%)
The ball explodes into a vile cloud!
The stinking cloud engulfs the frost giant but does no damage.
The frost giant is lightly wounded.
The frost giant is engulfed in noxious fumes.
Unknown command.
Casting: Mephitic Cloud (safe; 1% risk of failure)
Confirm with . or Enter, or press ? or * to list all spells.
You feel a surge of power!
You conjure some foxfire!
The frost giant is engulfed in noxious fumes.
Unknown command.
The foxfire hits the frost giant but does no damage.
The frost giant is lightly wounded.
The foxfire hits the frost giant.
The frost giant is lightly wounded.
The frost giant is engulfed in blazing flames.
The frost giant is engulfed in blazing flames.
Casting: Foxfire (safe; 1% risk of failure)
Confirm with . or Enter, or press ? or * to list all spells.
Aiming: Mephitic Cloud (safe; 1% risk of failure)
Press: ? - help, Shift-Dir - straight line, f/p - frost giant
Aim: a frost giant, wielding a +3 battleaxe of freezing (moderately wounded, chance to affect: 24%)
The ball explodes into a vile cloud!
The stinking cloud engulfs the frost giant but does no damage.
The frost giant is moderately wounded.
The frost giant is engulfed in noxious fumes.
The frost giant casts a spell at you. The bolt of cold hits you!!!
You feel a terrible chill!
Ouch! That really hurt!
You die...

#.....########...###............+
###................#............#
#................#............#
#...##########...#............#
#...# #...#....######### ###...#
#...# +......<. ......#
#...######........
......##########.................
......†)).○°§§C☼@................
......#######§§..................
......# #..............###...
......# #..............#.#...
......# #......).......#.###.
......# #..............#.#.#.
..^C..# #........##...##.#.#.
......# #.....###.#...#.#.#.#
#.....#..####.#.#.###


You could see a frost giant.

Vanquished Creatures
  Gastronok (D:11)
  A hydra (D:11)
  Harold (D:9)
  A centaur warrior (D:12)
  2 two-headed ogres
  A deep elf knight (D:11)
  A skeletal warrior (D:11)
  Pikel (D:7)
  A deep elf pyromancer (D:11)
  A wolf spider (D:11)
  A cyclops (D:11)
  3 manticores
  A gargoyle (D:11)
  An unseen horror (D:12)
  2 kobold demonologists (D:10)
  2 trolls
  2 hornets
  A shadow (D:11)
  16 yaks
  3 wraiths
  5 wyverns
  A basilisk (D:8)
  A steam dragon (D:7)
  Edmund (D:5)
  5 water moccasins
  2 acid dragons
  7 orc warriors
  2 sky beasts
  4 ice beasts
  7 centaurs
  4 lemures (D:7)
  2 phantoms (D:5)
  7 kobold brigands
  3 bullfrogs
  A necrophage (D:5)
  3 scorpions (D:5)
  3 wights (D:6)
  4 killer bees
  A howler monkey (D:9)
  2 jellies (D:7)
  5 hounds
  7 orc priests
  7 iguanas
  8 orc wizards
  10 adders
  A white imp (D:6)
  An ufetubus (D:4)
  2 worms
  6 dart slugs (D:4)
  21 orcs
  5 bats
  8 endoplasms
  4 giant cockroaches
  7 hobgoblins
  7 jackals (D:1)
  39 kobolds
  6 quokkas
  7 ball pythons
  A frilled lizard (D:2)
  6 goblins
  7 rats
  A foxfire (D:11)
274 creatures vanquished.

Vanquished Creatures (collateral kills)
  A gnoll shaman (D:7)
  An orc priest (D:3)
  2 orcs (D:3)
4 creatures vanquished.

Vanquished Creatures (others)
  A wizard (D:4)
  555 foxfires
  14 fungi
  21 plants (D:8)
591 creatures vanquished.

Grand Total: 869 creatures vanquished

Notes
Turn   | Place    | Note
-------+----------+-------------------------------------------
     0 | D:1      | pokeman the Deep Elf Hedge Wizard began the quest for the
                  | Orb.
     0 | D:1      | Reached XP level 1. HP: 10/10 MP: 7/7
   353 | D:1      | Reached XP level 2. HP: 15/15 MP: 4/9
   852 | D:1      | Reached skill level 5 in Spellcasting
   912 | D:1      | Reached XP level 3. HP: 9/20 MP: 1/11
   916 | D:1      | Learned a level 3 spell: Mephitic Cloud
   919 | D:1      | Learned a level 2 spell: Call Imp
   922 | D:1      | Learned a level 2 spell: Blink
   926 | D:1      | Learned a level 3 spell: Conjure Flame
  1506 | D:2      | Reached skill level 1 in Fighting
  1681 | D:2      | Reached skill level 1 in Armour
  1967 | D:2      | Reached XP level 4. HP: 25/25 MP: 7/13
  2535 | D:2      | Found a snail-covered altar of Cheibriados.
  2734 | D:3      | Reached skill level 1 in Fire Magic
  3244 | D:3      | Reached skill level 6 in Spellcasting
  3273 | D:3      | Reached XP level 5. HP: 29/29 MP: 1/15
  3923 | D:4      | Reached skill level 1 in Air Magic
  4441 | D:4      | Reached XP level 6. HP: 34/34 MP: 6/17
  4615 | D:4      | Found a bloodstained altar of Trog.
  4617 | D:4      | Noticed a wizard
  4623 | D:4      | Killed a wizard
  4640 | D:4      | Found a burning altar of Makhleb.
  4654 | D:4      | Found a shadowy altar of Dithmenos.
  4855 | D:4      | Reached skill level 1 in Poison Magic
  4993 | D:5      | Entered Level 5 of the Dungeon
  5098 | D:5      | Reached skill level 7 in Spellcasting
  5098 | D:5      | Reached skill level 1 in Evocations
  5513 | D:5      | Noticed Edmund
  5528 | D:5      | Killed Edmund
  5529 | D:5      | Reached XP level 7. HP: 40/40 MP: 14/20
  5562 | D:5      | Reached skill level 8 in Spellcasting
  6065 | D:5      | Reached XP level 8. HP: 39/44 MP: 3/22
  6076 | D:5      | Reached skill level 9 in Spellcasting
  6428 | D:5      | Identified the +1 chain mail "Tyorirel" {rC++ rCorr Dex-2}
  6566 | D:6      | Found a staircase to the Ecumenical Temple.
  6573 | Temple   | Entered the Ecumenical Temple
  6587 | Temple   | Became a worshipper of Vehumet
  6728 | D:6      | Found a hide-covered altar of Uskayaw.
  6808 | D:6      | Reached skill level 5 in Conjurations
  7318 | D:6      | Found an ornate altar of the Wu Jian Council.
  7372 | D:6      | Found an ancient bone altar of Kikubaaqudgha.
  7403 | D:6      | Found a broken altar of Ashenzari.
  7427 | D:6      | Reached skill level 10 in Spellcasting
  8102 | D:7      | Reached XP level 9. HP: 38/49 MP: 17/25
  8299 | D:7      | Reached skill level 11 in Spellcasting
  8299 | D:7      | Reached skill level 5 in Fire Magic
  8627 | D:7      | Reached * piety under Vehumet
  8627 | D:7      | Offered knowledge of Foxfire by Vehumet.
  8630 | D:7      | Learned a level 1 spell: Foxfire
  9040 | D:7      | Found a white marble altar of Elyvilon.
  9053 | D:7      | Reached skill level 1 in Shields
  9136 | D:7      | Found Huawumm Ohiu's Armour Shoppe.
  9136 | D:7      | Found Voguecoady's Assorted Antiques.
  9140 | D:7      | Found Haupsutu's Weapon Shoppe.
  9141 | D:7      | Found Bihuoken's Antique Weapon Shoppe.
  9203 | D:7      | Noticed Pikel
  9236 | D:7      | Killed Pikel
  9237 | D:7      | Reached skill level 12 in Spellcasting
  9427 | D:7      | Found a sacrificial altar of Ru.
 10112 | D:8      | Reached XP level 10. HP: 56/56 MP: 19/28
 10142 | D:8      | Reached skill level 13 in Spellcasting
 10245 | D:8      | Found a staircase to the Lair.
 11205 | D:9      | Found a blossoming altar of Fedhas.
 11206 | D:9      | Noticed Harold
 11218 | D:9      | Killed Harold
 11218 | D:9      | Offered knowledge of Poisonous Vapours by Vehumet.
 11226 | D:9      | Reached skill level 14 in Spellcasting
 11237 | D:9      | Reached ** piety under Vehumet
 11420 | D:9      | Upgraded the game from 0.29-a0-648-g6b26cc9f40 to
                  | 0.29-a0-653-gd47aff6735
 11620 | D:9      | Found a staircase to the Orcish Mines.
 11953 | D:9      | Reached XP level 11. HP: 51/60 MP: 31/31
 12499 | D:9      | Found a sparkling altar of Nemelex Xobeh.
 12499 | D:9      | Found an opulent altar of Gozag.
 12582 | D:10     | Entered Level 10 of the Dungeon
 12789 | D:10     | Reached skill level 1 in Necromancy
 12893 | D:10     | Found a stormy altar of Qazlal.
 13184 | D:10     | Offered knowledge of Stone Arrow by Vehumet.
 14120 | D:11     | Reached skill level 15 in Spellcasting
 14190 | D:11     | Noticed a minotaur
 14190 | D:11     | Noticed turdburglar's ghost (journeyman TrTm)
 14237 | D:11     | Found a runed translucent gate.
 14237 | D:11     | Found a runed translucent gate.
 14237 | D:11     | Found a runed translucent gate.
 14595 | D:11     | Reached *** piety under Vehumet
 14773 | D:11     | Noticed a six-headed hydra
 14798 | D:11     | Killed a six-headed hydra
 14841 | D:11     | Noticed a deep elf knight
 14873 | D:11     | Killed a deep elf knight
 15279 | D:11     | Reached skill level 5 in Shields
 15461 | D:11     | Noticed Gastronok
 15503 | D:11     | Killed Gastronok
 15504 | D:11     | Reached skill level 16 in Spellcasting
 15590 | D:11     | You fall into a shaft and drop 1 floor!
 15605 | D:12     | Noticed a centaur warrior
 15608 | D:12     | Noticed a two-headed ogre
 15614 | D:12     | Killed a centaur warrior
 15633 | D:12     | Killed a two-headed ogre
 15634 | D:12     | Reached XP level 12. HP: 53/64 MP: 25/34
 15636 | D:12     | Noticed Jorgrun
 15651 | D:12     | Offered knowledge of Dazzling Flash by Vehumet.
 15682 | D:12     | Found Jihimev's Distillery.
 16028 | D:11     | Noticed a two-headed ogre
 16047 | D:11     | Killed a two-headed ogre
 16048 | D:11     | Reached skill level 10 in Conjurations
 16150 | D:11     | Identified the +5 battleaxe of the Ship {flame, rC+ Dex+5}
 16218 | D:11     | Reached skill level 17 in Spellcasting
 16375 | D:11     | Noticed a frost giant
 16405 | D:11     | Killed from afar by a frost giant

Illustrated notes

Levels and vault maps discovered:
D:1:      pf_arrival_petrified_forest, layout_basic
D:2:      layout_basic, basic_altar, eino_curves_01
D:3:      wander_river, layout_loops_cross
D:4:      kennysheep_slugbush, layout_basic, bloody_makhleb, trog_wizard,
          nicolae_dithmenos_through_a_glass_darkly
D:5:      layout_rooms, kennysheep_generic_room_8, uniq_edmund
D:6:      layout_basic, mainiacjoe_overflow_24_doors, mainiacjoe_overflow_paths,
          cheibrodos_ashenzari_chains, mainiacjoe_overflow_chevrons,
          minmay_temple_entry_trees
D:7:      minmay_razor_zed, layout_basic, mainiacjoe_overflow_alcove_1,
          elyvilon_altar_1, minmay_shop_grid_forest, uniq_pikel
D:8:      layout_loops_corners, minmay_lair_entry_grove
D:9:      layout_basic, grunt_temple_overflow_opulence, fedhas_ov_isle_minmay,
          david_orc_1_choice, uniq_harold
D:10:     layout_basic, grunt_qazlal_clouds
D:11:     minmay_chopped_fan, layout_irregular_city,
          maelrawn_ghost_gauntlet_escape, uniq_gastronok
D:12:     layout_rooms, serial_glass, glass_columns_b, glass_columns_a,
          gammafunk_ghost_fury_of_okawaru, serial_shops, shop_coins,
          uniq_jorgrun
Temple:   kb_corrupted_temple

Skill      XL: |  1  2  3  4  5  6  7  8  9 10 11 12 |
---------------+-------------------------------------+-----
Spellcasting   | 5 6 7 8 10 12 14 16 17 | 17.0
Fighting       | 1 2 3 |  3.0
Armour         | 1 3 4 |  4.3
Conjurations   | 2 3 4 5 7 8 9 10 | 10.1
Fire Magic     | 1 2 3 4 6 7 9 |  9.6
Dodging        | 3 |  3.0
Air Magic      | 1 |  1.0
Stealth        | 3 |  3.0
Poison Magic   | 1 |  1.0
Evocations     | 1 |  1.0
Shields        | 2 4 5 |  5.0
Necromancy     | 1 |  1.1
Summonings     | |  1.1
Translocations | |  1.1

Action                   |  1- 3 |  4- 6 |  7- 9 | 10-12 || total
-------------------------+-------+-------+-------+-------++-------
Melee: Dagger            |    18 |    18 |     3 |       ||    39
       Punch             |       |     1 |       |       ||     1
       Flail             |       |       |    94 |    94 ||   188
 Fire: Shortbow          |       |       |    23 |       ||    23
 Cast: Magic Dart        |   104 |   179 |   135 |     8 ||   426
       Mephitic Cloud    |       |     6 |    29 |    36 ||    71
       Call Imp          |       |     3 |     8 |     9 ||    20
       Conjure Flame     |       |     4 |    20 |    60 ||    84
       Blink             |       |       |     2 |     3 ||     5
       Foxfire           |       |       |    53 |   252 ||   305
  Use: Scroll            |       |       |       |    12 ||    12
 Stab: Confused          |       |       |    12 |     7 ||    19
Armor: Robe              |     5 |       |       |       ||     5
       Leather armour    |     5 |    15 |    27 |       ||    47
       Steam dragon scal |       |       |    17 |    13 ||    30
       Acid dragon scale |       |       |       |    11 ||    11
Dodge: Dodged            |    23 |    51 |   107 |   101 ||   282
Block: Buckler           |       |       |     1 |    29 ||    30

Table legend: (Time is in decaauts)
 A = Elapsed time spent in this place.
 B = Non-inter-level travel time spent in this place.
 C = Inter-level travel time spent in this place.
 D = Time resting spent in this place.
 E = Time spent auto-exploring this place.
 F = Levels seen in this place.
 G = Mean time per level.
                   A        B        C        D        E       F      G
               +--------+--------+--------+--------+--------+-----+--------+
         Total |  16543 |  15960 |    583 |   1742 |  11324 |  13 | 1272.5 |
       Dungeon |  16515 |  15944 |    571 |   1742 |  11318 |  12 | 1376.2 |
        Temple |     27 |     15 |     12 |      0 |      6 |   1 |   27.0 |
               +--------+--------+--------+--------+--------+-----+--------+

Top non-repeatable levels by time:
     D:7: 1954 daAuts
    D:11: 1805 daAuts
     D:4: 1664 daAuts
    D:10: 1568 daAuts
     D:6: 1500 daAuts
     D:1: 1488 daAuts
     D:9: 1416 daAuts
     D:8: 1412 daAuts
     D:2: 1163 daAuts
     D:3: 1145 daAuts
     D:5: 1030 daAuts
    D:12: 366 daAuts
  Temple: 27 daAuts
